[Event "Titled Tuesday Blitz February 15 Late 2022"]
[White "Curtis, John"]
[Black "Sliwicki, Damian"]
[WhiteFideId "3200256"]
[BlackFideId "1127128"]
[WhiteElo "2203"]
[BlackElo "2084"]
[Result "0-1"]
[Round "05"]
[TimeControl "180+1"]
[Date "2022.02.16"]
[WhiteClock "0:00:01"]
[BlackClock "0:00:08"]

1. e4 c5 2. Nf3 g6 3. d4 cxd4 4. Nxd4 Nc6 5. Be3 Nf6 6. Nc3 Bg7 7. Be2 O-O 8. Nb3 d6 9. Qd2 Be6 10. Nd4 Nxd4 11. Bxd4 Qa5 12. Rd1 Rac8 13. O-O b5 14. a3 b4 15. axb4 Qxb4 16. Bxf6 Bxf6 17. Nd5 Qxb2 18. c4 Bxd5 19. Qxb2 Bxb2 20. exd5 a5 21. Rb1 Bd4 22. Rb3 Ra8 23. Rd1 Bc5 24. Rb5 a4 25. Rd2 a3 26. Ra2 Rfe8 27. Kf1 Ra4 28. Ke1 e6 29. dxe6 Rxe6 30. Kd1 Bxf2 31. Bd3 Bc5 32. Kc2 Rf6 33. Kb3 Ra7 34. Re2 Rf4 35. Ka2 Rd4 36. Be4 Rxc4 37. Bd5 Rd4 38. Bb3 Rd3 39. Rb8+ Kg7 40. Rb5 Ra8 41. Rc2 Re8 42. h3 Ree3 43. Rb7 Rc3 44. Rxf7+ Kh6 45. Rxc3 Rxc3 46. Rb7 Rd3 47. h4 Rd2+ 48. Kb1 Rb2+ 49. Kc1 Be3+ 50. Kd1 a2 51. Bxa2 Rxb7 52. Bd5 Rb2 53. Be4 d5 0-1


[Site "https://www.chess.com"]

[Event "Titled Tuesday Blitz February 15 Late 2022"]
[White "Daianu, Cristian-Clement"]
[Black "Moreira, Ronaldo Alonso"]
[WhiteFideId "1208926"]
[BlackFideId "2110547"]
[WhiteElo "2159"]
[BlackElo "2037"]
[Result "1-0"]
[Round "05"]
[TimeControl "180+1"]
[Date "2022.02.16"]
[WhiteClock "0:00:23"]
[BlackClock "0:00:01"]

1. d4 Nf6 2. Bf4 d5 3. e3 e6 4. Nf3 c5 5. c3 Qb6 6. Nbd2 Qxb2 7. Rb1 Qxc3 8. Bb5+ Nbd7 9. O-O cxd4 10. Nxd4 Be7 11. N2f3 O-O 12. Rc1 Qa5 13. Bg5 a6 14. Ba4 Nc5 15. Bc2 Bd7 16. Bb1 Rac8 17. Ne5 Bb5 18. Nxb5 Qxb5 19. Qf3 h6 20. Bh4 Ncd7 21. Rxc8 Rxc8 22. Nxd7 Qxd7 23. h3 Ne8 24. Bg3 Bd6 25. Bh4 Be7 26. Bxe7 Qxe7 27. Qe2 Nd6 28. Qd3 g6 29. Rd1 Ne4 30. Qd4 Re8 31. Bxe4 dxe4 32. Qxe4 Rd8 33. Rb1 b5 34. a4 Qd6 35. axb5 axb5 36. Rxb5 Qd1+ 37. Kh2 Qd6+ 38. g3 Qd2 39. Kg2 Qd7 40. Rb7 Qe8 41. Qf3 Rd7 42. Rb5 Re7 43. Ra5 Kh7 44. h4 Qd7 45. h5 Qb7 46. hxg6+ fxg6 47. Qxb7 1-0


[Site "https://www.chess.com"]

[Event "Titled Tuesday Blitz February 15 Late 2022"]
[White "De Arruda, Leandro Formes"]
[Black "KND2020"]
[WhiteFideId "22722009"]
[WhiteElo "1780"]
[BlackElo "2503"]
[Result "0-1"]
[Round "05"]
[TimeControl "180+1"]
[Date "2022.02.16"]
[WhiteClock "0:00:02"]
[BlackClock "0:00:08"]

1. d4 Nf6 2. Nf3 c5 3. e3 e6 4. Bd3 d5 5. c3 Nc6 6. Nbd2 Bd6 7. O-O O-O 8. Re1 e5 9. e4 cxd4 10. cxd4 dxe4 11. Nxe4 Nxe4 12. Bxe4 Nxd4 13. Nxd4 exd4 14. Qh5 g6 15. Qh6 Qf6 16. Bg5 Qg7 17. Qh4 Re8 18. Bd5 Be6 19. Bf6 Qf8 20. Bxe6 fxe6 21. Qxd4 Bc5 22. Qe5 Rac8 23. Rad1 Qf7 24. Re2 Rc6 25. Red2 Rf8 26. Bh4 Qf5 27. Qg3 Bb6 28. h3 Bc7 29. Qe3 Bb6 30. Qh6 Rcc8 31. Rd7 Rf7 32. Rxf7 Qxf7 33. Bg3 Rc2 34. Rf1 Qg7 35. Qg5 Qf7 36. Qg4 Rc5 37. Qe4 Rf5 0-1


[Site "https://www.chess.com"]

[Event "Titled Tuesday Blitz February 15 Late 2022"]
[White "Demchenko, Anton"]
[Black "Mirzoev, Azer"]
[WhiteFideId "4160258"]
[BlackFideId "13400304"]
[WhiteElo "2539"]
[BlackElo "2525"]
[Result "0-1"]
[Round "05"]
[TimeControl "180+1"]
[Date "2022.02.15"]
[WhiteClock "0:00:03"]
[BlackClock "0:00:03"]

1. e4 e6 2. d4 d5 3. Nd2 dxe4 4. Nxe4 Nd7 5. Nf3 Ngf6 6. Bg5 Be7 7. Nxf6+ Bxf6 8. h4 b6 9. Qe2 h6 10. Bxf6 Qxf6 11. O-O-O Bb7 12. Qe3 O-O-O 13. Bb5 Kb8 14. Kb1 Qf5 15. Bd3 Qh5 16. Be4 Bxe4 17. Qxe4 Qd5 18. Qe2 Rhe8 19. Rhe1 a5 20. c4 Qf5+ 21. Ka1 g5 22. hxg5 hxg5 23. Qe3 g4 24. Nh4 Qh5 25. g3 Nf6 26. a3 Rd7 27. Qf4 Qh8 28. Rd3 Red8 29. Red1 Qg7 30. Qe5 Ne8 31. Qe3 Ka7 32. Ng2 Nd6 33. Qc1 Nf5 34. d5 exd5 35. cxd5 Qe5 36. Nf4 Re7 37. Rc3 Kb7 38. Qc2 Nd6 39. Qa4 Kb8 40. Rdc1 Rdd7 41. Qb3 Nb7 42. Re3 Qd6 43. Rxe7 Qxe7 44. Qc3 Nc5 45. Ka2 Rd8 46. Re1 Qd6 47. Qd4 a4 48. Qc4 Qd7 49. Rh1 Kb7 50. Rc1 Qf5 51. Rd1 Qe5 52. Qb5 Qe8 53. Qc4 Qe4 54. Rd4 Qe8 55. Qb4 Qe5 56. Qc4 Qe8 57. Rd2 Qe5 58. Re2 Qd6 59. Qb5 Qd7 60. Qb4 Qd6 61. Qc4 Qd7 62. Rc2 Qd6 63. Qd4 Qd7 64. Qf6 Re8 65. Rc4 Re4 66. Rxe4 Nxe4 67. Qd4 Nc5 68. Qc4 Qd6 69. Qd4 Qd7 70. Nd3 Nxd3 71. Qxd3 Qd6 72. Qc4 Qd7 73. Kb1 f5 74. Qd4 Qe8 75. Qd3 Qd7 76. Kc2 Qc8 77. Qd4 Qd7 78. Kc3 Qb5 79. Qc4 Qd7 80. Kd4 Qe8 81. Qd3 Qh8+ 82. Ke3 Qxb2 83. d6 Qe5+ 84. Kd2 cxd6 85. Qb1 b5 86. Qb4 Kb6 87. Qb1 Qd4+ 88. Ke1 Qe4+ 89. Kd2 Qxb1 90. Kc3 Qa1+ 91. Kd3 Qxa3+ 92. Kd4 Qb2+ 93. Kd5 a3 0-1


[Site "https://www.chess.com"]

[Event "Titled Tuesday Blitz February 15 Late 2022"]
[White "Dev, Shah"]
[Black "Le Goff, Ronan"]
[WhiteFideId "35019058"]
[BlackFideId "612073"]
[WhiteElo "2098"]
[BlackElo "2276"]
[Result "1-0"]
[Round "05"]
[TimeControl "180+1"]
[Date "2022.02.16"]
[WhiteClock "0:00:51"]
[BlackClock "0:00:42"]

1. d4 Nf6 2. c4 g6 3. Nc3 Bg7 4. e4 O-O 5. Be2 d6 6. Be3 a6 7. h4 h5 8. f3 c5 9. d5 e6 10. a4 exd5 11. cxd5 Nbd7 12. Nh3 Ne5 13. Ng5 Bd7 14. O-O b5 15. axb5 axb5 16. Rxa8 Qxa8 17. Nxb5 Bxb5 18. Bxb5 Rb8 19. Qe2 Qb7 20. Bd3 Qxb2 21. Rb1 Qxb1+ 22. Bxb1 Rxb1+ 23. Kh2 Nfg4+ 24. Kg3 Nxe3 25. Qxe3 Nd7 26. Qd3 Rc1 27. Qa6 Be5+ 28. f4 Rc3+ 29. Nf3 Bg7 30. Qxd6 Nf6 31. Qd8+ Kh7 32. e5 Ne4+ 33. Kh2 Bh6 34. Ng5+ Bxg5 35. hxg5 h4 36. Qd7 Ng3 37. Qxf7+ Kh8 38. Qf8+ Kh7 39. Qh6+ Kg8 40. Qxg6+ Kf8 41. Qh6+ Kg8 42. Qxh4 c4 43. d6 Nf1+ 44. Kg1 Rc1 45. d7 Ne3+ 46. Kf2 1-0


[Site "https://www.chess.com"]

[Event "Titled Tuesday Blitz February 15 Late 2022"]
[White "Dias, Joao Batista"]
[Black "Rosen, Eric"]
[WhiteFideId "2108240"]
[BlackFideId "2032562"]
[WhiteElo "1898"]
[BlackElo "2362"]
[Result "0-1"]
[Round "05"]
[TimeControl "180+1"]
[Date "2022.02.16"]
[WhiteClock "0:01:08"]
[BlackClock "0:00:16"]

1. e3 d5 2. d4 Nf6 3. Bd3 c5 4. c3 Bg4 5. Ne2 cxd4 6. cxd4 e6 7. f3 Bh5 8. O-O Nc6 9. Nf4 Bg6 10. Nxg6 hxg6 11. h3 Bd6 12. Bd2 Rc8 13. Nc3 Bb8 14. f4 a6 15. a3 Ne7 16. Rc1 Nf5 17. Bxf5 gxf5 18. Qa4+ Qd7 19. Qxd7+ Nxd7 20. Na4 Ke7 21. Bb4+ Kf6 22. Nc5 Nxc5 23. Rxc5 Ba7 24. Rcc1 Rc4 25. Rxc4 dxc4 26. Kf2 b5 27. Rc1 Bb6 28. Bd2 Rc8 29. Ke2 Ke7 30. Rc2 Kd6 31. Kf3 Kd5 32. Be1 Bd8 33. Rc1 g6 34. Rc2 Be7 35. Rc1 Ra8 36. g4 Rh8 37. Kg2 Ke4 38. Bf2 Rc8 39. g5 a5 40. Rd1 Kd5 41. Be1 b4 42. axb4 axb4 43. Kf3 c3 44. bxc3 bxc3 45. Rc1 c2 46. Ke2 Ba3 47. Bd2 Bxc1 48. Bxc1 Ke4 49. Kd2 Rc6 50. Ba3 c1=Q+ 51. Bxc1 Rxc1 52. Kxc1 Kxe3 53. h4 Kxd4 54. h5 gxh5 55. Kd2 Ke4 56. Ke2 Kxf4 57. Kf2 Kxg5 58. Kg2 e5 59. Kg3 f4+ 60. Kf3 f5 61. Kg2 Kg4 62. Kh2 h4 63. Kg2 f3+ 64. Kh2 e4 65. Kg1 f4 66. Kf2 e3+ 67. Kf1 Kg3 68. Kg1 h3 69. Kf1 h2 0-1


[Site "https://www.chess.com"]

[Event "Titled Tuesday Blitz February 15 Late 2022"]
[White "Domingo Nunez, Alejandro"]
[Black "Kobo, Ori"]
[WhiteFideId "22245561"]
[BlackFideId "2812320"]
[WhiteElo "2215"]
[BlackElo "2420"]
[Result "0-1"]
[Round "05"]
[TimeControl "180+1"]
[Date "2022.02.16"]
[WhiteClock "0:00:06"]
[BlackClock "0:00:13"]

1. Nf3 d5 2. g3 Nd7 3. d4 Nb6 4. Bg2 Bf5 5. Nh4 Bg4 6. Qd3 Nf6 7. O-O e6 8. Nc3 Be7 9. e4 c6 10. h3 Bh5 11. g4 dxe4 12. Nxe4 Nxe4 13. Bxe4 Bxh4 14. gxh5 Bg5 15. Be3 Nd5 16. Bxg5 Qxg5+ 17. Qg3 Qxh5 18. Qxg7 Ke7 19. Kh2 Nf6 20. Qg2 Rhg8 21. Qf3 Ng4+ 22. Kh1 Qh4 23. Rae1 Rg5 24. Bf5 Rag8 25. Bxg4 Rxg4 26. Rg1 Rxg1+ 27. Rxg1 Rxg1+ 28. Kxg1 Qxd4 29. c3 Qd2 30. b4 Qxa2 31. Qe3 Qb1+ 0-1


[Site "https://www.chess.com"]

[Event "Titled Tuesday Blitz February 15 Late 2022"]
[White "Dounis, Alexandros"]
[Black "Levine, Joseph"]
[WhiteFideId "4213238"]
[BlackFideId "30940346"]
[WhiteElo "2195"]
[BlackElo "1802"]
[Result "0-1"]
[Round "05"]
[TimeControl "180+1"]
[Date "2022.02.16"]
[WhiteClock "0:01:39"]
[BlackClock "0:00:59"]

1. Nf3 d5 2. g3 Nf6 3. Bg2 e6 4. O-O c5 5. d4 Nc6 6. c4 dxc4 7. Ne5 Nxe5 8. dxe5 Qxd1 9. Rxd1 Nd7 10. f4 Rb8 11. a4 b6 12. Na3 Bb7 13. Nxc4 Bxg2 14. Kxg2 Rd8 15. Ra3 Be7 16. Rad3 Nb8 17. Nd6+ Bxd6 18. exd6 Kd7 19. e4 f6 20. e5 fxe5 21. fxe5 Nc6 22. Bf4 h6 23. g4 Rhf8 24. Bg3 Rf7 25. Rf3 Rdf8 26. Rdf1 Rxf3 27. Rxf3 Rxf3 28. Kxf3 a6 29. g5 hxg5 30. Kg4 b5 31. axb5 axb5 32. Kxg5 c4 33. Kg6 b4 34. Kxg7 c3 35. bxc3 b3 36. h4 b2 37. h5 b1=Q 38. h6 Qg1 39. h7 Qxg3+ 40. Kh8 Nxe5 0-1


[Site "https://www.chess.com"]

[Event "Titled Tuesday Blitz February 15 Late 2022"]
[White "Dovbnia, Nikita"]
[Black "Abdyzhapar, Asylbek"]
[WhiteFideId "54104599"]
[BlackFideId "13800337"]
[WhiteElo "2111"]
[BlackElo "2331"]
[Result "0-1"]
[Round "05"]
[TimeControl "180+1"]
[Date "2022.02.16"]
[WhiteClock "0:00:23"]
[BlackClock "0:01:03"]

1. d4 d5 2. Nc3 c6 3. Bf4 Bf5 4. e3 e6 5. f3 Qb6 6. Qd2 Nf6 7. g4 Bg6 8. h4 h5 9. g5 Nfd7 10. Bd3 Bxd3 11. Qxd3 c5 12. Nge2 Nc6 13. O-O-O cxd4 14. exd4 Nb4 15. Qe3 Be7 16. a3 a5 17. axb4 axb4 18. Nb1 Ra1 19. g6 fxg6 20. Qd3 Kf7 21. Rhg1 Nf8 22. Bg5 Bd6 23. Nf4 Qc7 24. Ne2 Qa5 25. Bf4 Be7 26. Be5 Bxh4 27. Bd6 Be7 28. Bxe7 Kxe7 29. Nf4 Qc7 30. Rde1 Qxf4+ 31. Qd2 Rxb1+ 32. Kxb1 Qxd2 33. Re5 Qxd4 34. Rg3 Qxe5 0-1


[Site "https://www.chess.com"]

[Event "Titled Tuesday Blitz February 15 Late 2022"]
[White "Dreev, Aleksey"]
[Black "Herrera Reyes, Jose Antonio"]
[WhiteFideId "4100107"]
[BlackFideId "2274914"]
[WhiteElo "2636"]
[BlackElo "2361"]
[Result "1-0"]
[Round "05"]
[TimeControl "180+1"]
[Date "2022.02.15"]
[WhiteClock "0:00:15"]
[BlackClock "0:00:20"]

1. d4 Nf6 2. c4 c5 3. d5 b5 4. Nf3 g6 5. Qc2 Bg7 6. e4 O-O 7. cxb5 a6 8. Nc3 e6 9. dxe6 fxe6 10. Be2 d5 11. O-O Bb7 12. Ng5 Qe7 13. exd5 exd5 14. Bf3 axb5 15. Nxb5 Nc6 16. Bf4 Nb4 17. Qd2 Ne4 18. Bxe4 dxe4 19. Qd6 Qf6 20. Qe6+ Qxe6 21. Nxe6 Rf6 22. Nbc7 Rxa2 23. Rxa2 Nxa2 24. Nxg7 Rxf4 25. Nge6 Rf7 26. Rd1 h6 27. Rd8+ Kh7 28. h4 Nc1 29. Ne8 Ne2+ 30. Kh2 Re7 31. Nf6# 1-0


[Site "https://www.chess.com"]

[Event "Titled Tuesday Blitz February 15 Late 2022"]
[White "Erdogdu, Mert"]
[Black "Degardin, Sylvain"]
[WhiteFideId "6301495"]
[BlackFideId "20623070"]
[WhiteElo "2485"]
[BlackElo "2156"]
[Result "1/2-1/2"]
[Round "05"]
[TimeControl "180+1"]
[Date "2022.02.16"]
[WhiteClock "0:00:45"]
[BlackClock "0:00:22"]

1. e4 c5 2. Nf3 d6 3. d4 cxd4 4. Nxd4 Nf6 5. Nc3 a6 6. Be3 e5 7. Nb3 Be6 8. f3 h5 9. Qd2 Be7 10. O-O-O Nbd7 11. h3 h4 12. Bd3 Qc7 13. Kb1 b5 14. f4 Nb6 15. Bxb6 Qxb6 16. Rhe1 Bc4 17. Nd5 Nxd5 18. exd5 Bf6 19. Na5 O-O 20. Bxc4 bxc4 21. Nxc4 Qc5 22. fxe5 dxe5 23. Nxe5 Rab8 24. c3 Rb7 25. Qd4 Qa3 26. c4 Rfb8 27. Re2 Qa4 28. Rdd2 Re7 29. d6 Rxe5 30. Rxe5 Bxe5 31. Qxe5 Qxc4 32. d7 Qf1+ 33. Kc2 Qc4+ 34. Qc3 Qe4+ 35. Qd3 Qa4+ 36. Kb1 Rd8 37. Qd4 Qxd4 38. Rxd4 Kf8 39. Kc2 Ke7 40. Kd3 Rxd7 41. Rxd7+ Kxd7 42. Kd4 Kd6 43. b4 f5 44. a4 g5 45. b5 axb5 46. axb5 g4 47. b6 Kc6 48. Ke5 Kxb6 49. Kxf5 gxh3 50. gxh3 Kc7 51. Kg5 Kd7 52. Kxh4 Ke6 53. Kg5 Kf7 54. h4 Kg8 55. h5 Kh8 56. h6 Kg8 57. h7+ Kh8 58. Kg6 1/2-1/2


[Site "https://www.chess.com"]

[Event "Titled Tuesday Blitz February 15 Late 2022"]
[White "Ezat, Mohamed"]
[Black "Stanisz, Patryk"]
[WhiteFideId "10600906"]
[BlackFideId "1123106"]
[WhiteElo "2386"]
[BlackElo "1876"]
[Result "1-0"]
[Round "05"]
[TimeControl "180+1"]
[Date "2022.02.16"]
[WhiteClock "0:01:05"]
[BlackClock "0:00:03"]

1. d4 d5 2. c4 c6 3. Nc3 Nf6 4. cxd5 cxd5 5. Bf4 a6 6. e3 Nc6 7. Bd3 e6 8. Rc1 Be7 9. h3 O-O 10. Nf3 Bd7 11. O-O Rc8 12. Qe2 b5 13. a4 b4 14. Nb1 a5 15. Ba6 Qb6 16. Bxc8 Rxc8 17. Nbd2 b3 18. Qb5 Qxb5 19. axb5 Nb4 20. Nxb3 a4 21. Rxc8+ Bxc8 22. Rc1 Bd7 23. Nc5 Bxb5 24. Ne5 h6 25. g4 Bd6 26. f3 g5 27. Bg3 Kg7 28. Kg2 h5 29. Bh2 h4 30. Nb7 Bb8 31. Rc8 Ba7 32. Rc7 Kg8 33. Nd6 Bb8 34. Rc8+ Kg7 35. Rxb8 Be2 1-0


[Site "https://www.chess.com"]

[Event "Titled Tuesday Blitz February 15 Late 2022"]
[White "Fiorito, Fabian"]
[Black "Golubenko, Valentina"]
[WhiteFideId "100200"]
[BlackFideId "4501993"]
[WhiteElo "2395"]
[BlackElo "2164"]
[Result "1-0"]
[Round "05"]
[TimeControl "180+1"]
[Date "2022.02.16"]
[WhiteClock "0:02:24"]
[BlackClock "0:01:05"]

1. d4 g6 2. e4 Bg7 3. Nc3 c5 4. d5 d6 5. Nf3 Nf6 6. Bc4 a6 7. a4 O-O 8. O-O Nbd7 9. Re1 Nb6 10. Bf1 e6 11. a5 Nbd7 12. dxe6 Ne5 13. Nxe5 dxe5 14. exf7+ Kxf7 15. Bc4+ Be6 16. Nd5 Kg8 17. Nxf6+ Rxf6 18. Qe2 Bxc4 19. Qxc4+ Rf7 20. Be3 Rc8 21. Red1 Qf8 22. Rd7 Rc7 23. Rxc7 1-0


[Site "https://www.chess.com"]

[Event "Titled Tuesday Blitz February 15 Late 2022"]
[White "Fishbein, Alexander"]
[Black "Baches Garcia, Guillermo"]
[WhiteFideId "2000377"]
[BlackFideId "2209764"]
[WhiteElo "2442"]
[BlackElo "2454"]
[Result "1-0"]
[Round "05"]
[TimeControl "180+1"]
[Date "2022.02.16"]
[WhiteClock "0:02:08"]
[BlackClock "0:02:08"]

1. e4 c5 2. Nf3 d6 3. d4 cxd4 4. Nxd4 Nf6 5. Nc3 Nc6 6. Be2 e5 7. Nf3 Be7 8. Bg5 O-O 9. O-O Be6 10. Qd2 a5 11. Bxf6 Bxf6 12. Nd5 Bxd5 13. Qxd5 Nd4 14. Nxd4 exd4 15. Bd3 a4 16. a3 Ra5 17. Qxb7 Qb8 18. Qb4 d5 19. Qxa5 1-0


[Site "https://www.chess.com"]

[Event "Titled Tuesday Blitz February 15 Late 2022"]
[White "Galchenko, Matvey"]
[Black "Musovic, Armin"]
[WhiteFideId "24175480"]
[BlackFideId "939935"]
[WhiteElo "2453"]
[BlackElo "2250"]
[Result "0-1"]
[Round "05"]
[TimeControl "180+1"]
[Date "2022.02.16"]
[WhiteClock "0:00:05"]
[BlackClock "0:00:07"]

1. f4 Nh6 2. Nf3 g6 3. g3 Bg7 4. Bg2 O-O 5. O-O d5 6. d3 d4 7. c3 Nc6 8. e4 dxe3 9. Bxe3 Ng4 10. Bc1 h5 11. Qe2 Re8 12. d4 Bf5 13. Nbd2 e5 14. fxe5 Ncxe5 15. dxe5 Bd3 16. Qe1 Nxe5 17. Nxe5 Rxe5 18. Qf2 Rf5 19. Qe3 Bxf1 20. Nxf1 Qd1 21. Bh3 Rf3 22. Qe4 Bf8 23. b4 Qd3 24. Qxd3 Rxd3 25. Bb2 Bg7 26. Rc1 Re8 27. Kf2 Bh6 28. Rc2 Rd1 29. c4 b6 30. Bc3 Bf8 31. a3 Red8 32. Bg2 R1d6 33. Bd5 c6 34. Bf3 c5 35. b5 Rd3 36. Bd5 Re8 37. a4 Bg7 38. Bxg7 Kxg7 39. Ra2 Rc3 40. Kg2 Re1 41. Rf2 f5 42. Nd2 Ra1 43. Re2 Rc2 44. Kh3 Raa2 45. Re7+ Kf8 46. Rf7+ Ke8 47. Nf3 g5 48. Rxf5 g4+ 49. Kh4 gxf3 50. Rxf3 Rxh2+ 51. Kg5 Rhf2 52. Re3+ Kd8 53. Re6 Rae2 54. Rd6+ Kc7 55. Rc6+ Kd7 56. Kxh5 Re5+ 57. Kg4 Rf8 58. Rh6 Re7 59. Kg5 Rg7+ 60. Kh4 Kc7 61. g4 Rf1 62. Rf6 Rxf6 63. g5 Rfg6 64. Kh5 Rxg5+ 65. Kh6 Rxd5 66. Kxg7 Rd4 0-1


[Site "https://www.chess.com"]

[Event "Titled Tuesday Blitz February 15 Late 2022"]
[White "Gatterer, Florian"]
[Black "Adewumi, Tanitoluwa"]
[WhiteFideId "811688"]
[BlackFideId "30966396"]
[WhiteElo "2218"]
[BlackElo "2543"]
[Result "1-0"]
[Round "05"]
[TimeControl "180+1"]
[Date "2022.02.16"]
[WhiteClock "0:00:05"]
[BlackClock "0:00:01"]

1. Nf3 Nf6 2. c4 g6 3. b3 Bg7 4. Bb2 O-O 5. g3 c6 6. d4 d5 7. Nbd2 Bf5 8. Bg2 Ne4 9. O-O Nd7 10. Nh4 Nxd2 11. Qxd2 Be6 12. cxd5 cxd5 13. Nf3 Bf5 14. Nh4 Be6 15. Nf3 f6 16. Rac1 Bf7 17. Rfd1 Qb6 18. Ba3 Rfe8 19. e3 Rad8 20. Ne1 e5 21. dxe5 fxe5 22. Bxd5 Nf6 23. Bxf7+ Kxf7 24. Qb4 Rxd1 25. Rxd1 Qa6 26. Qc4+ Qxc4 27. bxc4 Rc8 28. Nf3 e4 29. Ng5+ Ke8 30. Ne6 Bh6 31. Bb2 Nd7 32. Rd4 Kf7 33. Rxe4 Nc5 34. Nxc5 Rxc5 35. Ba3 Rc7 36. Bb2 Bf8 37. Kg2 Be7 38. Be5 Rc6 39. Rd4 a6 40. f4 Ke6 41. e4 b5 42. cxb5 axb5 43. Rd5 Rc2+ 44. Kh3 b4 45. Ra5 Bc5 46. Ra6+ Kf7 47. Kg4 h5+ 48. Kg5 Be7+ 49. Kh6 Rc8 50. Rxg6 Ra8 51. Kxh5 Bf8 52. Rb6 Ke8 53. Rb7 Rxa2 54. h4 Ra6 55. Kg4 Re6 56. Kf5 Re7 57. Rb8+ Kd7 58. Rxf8 1-0


[Site "https://www.chess.com"]

[Event "Titled Tuesday Blitz February 15 Late 2022"]
[White "Gledura, Benjamin"]
[Black "Van Foreest, Jorden"]
[WhiteFideId "712779"]
[BlackFideId "1039784"]
[WhiteElo "2326"]
[BlackElo "2609"]
[Result "0-1"]
[Round "05"]
[TimeControl "180+1"]
[Date "2022.02.15"]
[WhiteClock "0:00:08"]
[BlackClock "0:00:29"]

1. Nf3 b6 2. e4 Bb7 3. Nc3 c5 4. d4 cxd4 5. Nxd4 e6 6. a3 a6 7. Bd3 Nc6 8. Nxc6 Bxc6 9. O-O Nf6 10. Bg5 Be7 11. Qd2 Qc7 12. Rae1 Ng4 13. Bf4 d6 14. Bg3 O-O 15. f4 b5 16. h3 Nf6 17. e5 Nh5 18. Bf2 dxe5 19. fxe5 g6 20. g4 Ng7 21. Qf4 f5 22. Ne2 Rad8 23. Nd4 Ba8 24. gxf5 exf5 25. Kh2 Bc5 26. c3 Rfe8 27. Rg1 Kh8 28. Bh4 Nh5 29. Qg5 Rxd4 30. cxd4 Bxd4 31. Qxh5 Bxg1+ 32. Rxg1 Qxe5+ 33. Bg3 Qxb2+ 0-1


[Site "https://www.chess.com"]

[Event "Titled Tuesday Blitz February 15 Late 2022"]
[White "Goltseva, Ekaterina"]
[Black "Bluebaum, Matthias"]
[WhiteFideId "24173770"]
[BlackFideId "24651516"]
[WhiteElo "2140"]
[BlackElo "2550"]
[Result "0-1"]
[Round "05"]
[TimeControl "180+1"]
[Date "2022.02.15"]
[WhiteClock "0:00:55"]
[BlackClock "0:01:08"]

1. d4 d5 2. c4 e6 3. Nc3 Nf6 4. Nf3 Bb4 5. g3 dxc4 6. Bg2 Bd7 7. Ne5 Bc6 8. Nxc6 Nxc6 9. Bxc6+ bxc6 10. O-O O-O 11. Qa4 Rb8 12. Qxc6 Qxd4 13. Be3 Qg4 14. Bxa7 Ra8 15. f3 Qg6 16. Bd4 Bxc3 17. bxc3 h5 18. Qxc4 h4 19. Bf2 hxg3 20. hxg3 Nd5 21. e4 Ne3 22. Bxe3 Qxg3+ 23. Kh1 Qh3+ 24. Kg1 Qg3+ 25. Kh1 Ra5 26. Bc5 Qh4+ 27. Kg2 Qg5+ 28. Kf2 Rxc5 29. Qd4 Rd8 30. Rg1 Qh4+ 31. Ke3 Rxd4 32. cxd4 Rc3+ 33. Kd2 Rxf3 34. Rae1 Qf2+ 35. Re2 Qxd4+ 36. Ke1 Qxg1+ 37. Kd2 Qd4+ 38. Ke1 Rd3 39. Rd2 Qe3+ 40. Kf1 Rxd2 41. e5 c5 0-1


[Site "https://www.chess.com"]

[Event "Titled Tuesday Blitz February 15 Late 2022"]
[White "Golubev, Mikhail"]
[Black "Petrova, Irina"]
[WhiteFideId "14100983"]
[BlackFideId "14124122"]
[WhiteElo "2374"]
[BlackElo "1988"]
[Result "1-0"]
[Round "05"]
[TimeControl "180+1"]
[Date "2022.02.16"]
[WhiteClock "0:00:15"]
[BlackClock "0:00:17"]

1. e4 e5 2. Nf3 Nc6 3. Bb5 a6 4. Ba4 Nf6 5. O-O b5 6. Bb3 Bc5 7. c3 d6 8. d4 Bb6 9. a4 Rb8 10. a5 Ba7 11. Be3 O-O 12. h3 exd4 13. cxd4 Re8 14. Nc3 b4 15. Nd5 Nxe4 16. Ba4 Bd7 17. Rc1 Nxa5 18. Bxd7 Qxd7 19. Rxc7 Qb5 20. Ne7+ Kf8 21. Qc2 Rxe7 22. Rxe7 Kxe7 23. Qxe4+ Kf8 24. Qxh7 Nc4 25. Re1 f6 26. Bh6 Rb7 27. Qh8+ Kf7 28. Qxg7# 1-0


[Site "https://www.chess.com"]

[Event "Titled Tuesday Blitz February 15 Late 2022"]
[White "Grigoriants, Sergey"]
[Black "Fedoseev, Vladimir"]
[WhiteFideId "4130804"]
[BlackFideId "24130737"]
[WhiteElo "2502"]
[BlackElo "2726"]
[Result "1/2-1/2"]
[Round "05"]
[TimeControl "180+1"]
[Date "2022.02.15"]
[WhiteClock "0:00:08"]
[BlackClock "0:00:13"]

1. e4 e5 2. Nf3 Nc6 3. Bb5 a6 4. Ba4 d6 5. O-O Bd7 6. c3 g6 7. d4 Bg7 8. Re1 Nge7 9. Be3 O-O 10. Nbd2 b5 11. Bb3 exd4 12. cxd4 Na5 13. Bc2 c5 14. dxc5 dxc5 15. Bxc5 Rc8 16. Bd4 Nec6 17. Bxg7 Kxg7 18. e5 Bg4 19. h3 Bxf3 20. Nxf3 Qxd1 21. Bxd1 Nc4 22. b3 Na3 23. Rc1 Nb4 24. Rxc8 Rxc8 25. e6 fxe6 26. Nd4 Rc1 27. Nxe6+ Kf6 28. Nf4 Nxa2 29. Kf1 Nc3 30. Bf3 Rxe1+ 31. Kxe1 Ke5 32. Nd3+ Kd6 33. Nb4 a5 34. Nc6 a4 35. bxa4 bxa4 36. Kd2 Ncb5 37. Nb4 Nc4+ 38. Kc2 Kc5 39. Na6+ Kb6 40. Nb4 Ne5 41. Bd1 Kc5 42. Nd3+ Nxd3 43. Kxd3 Kb4 44. Bxa4 Kxa4 45. Kc4 Nc7 46. Kc5 Ne6+ 47. Kd6 Nf4 48. Ke5 Nxg2 49. Kf6 Nf4 50. h4 Kb4 51. Kg7 h5 52. Kh6 Kc4 53. Kg5 Ng2 54. Kxg6 Nxh4+ 55. Kxh5 Nf3 56. Kg4 Nd4 57. f4 Kd5 58. f5 Ke5 59. f6 Kxf6 1/2-1/2


[Site "https://www.chess.com"]

[Event "Titled Tuesday Blitz February 15 Late 2022"]
[White "Grigorov, Grigor"]
[Black "Paravyan, David"]
[WhiteFideId "2907313"]
[BlackFideId "4194985"]
[WhiteElo "2510"]
[BlackElo "2569"]
[Result "0-1"]
[Round "05"]
[TimeControl "180+1"]
[Date "2022.02.15"]
[WhiteClock "0:00:07"]
[BlackClock "0:00:41"]

1. d4 Nf6 2. Nf3 g6 3. Bg5 Bg7 4. Nbd2 h6 5. Bh4 c5 6. Bxf6 Bxf6 7. Ne4 Qb6 8. Nxf6+ exf6 9. b3 d5 10. dxc5 Qxc5 11. e3 Qc3+ 12. Nd2 Nc6 13. Bb5 Bg4 14. Bxc6+ bxc6 15. Qc1 O-O 16. O-O Rfe8 17. h3 Bf5 18. Nf3 c5 19. Rd1 Rad8 20. Qd2 Qxc2 21. Qxc2 Bxc2 22. Rdc1 Be4 23. Rxc5 Bxf3 24. gxf3 d4 25. e4 Re5 26. Rc4 f5 27. Rd1 fxe4 28. Rdxd4 Rxd4 29. Rxd4 exf3 30. Rf4 Re1+ 31. Kh2 Re2 32. Kg3 Rxa2 33. Kxf3 a5 34. Kg2 Ra3 35. Rf3 Kg7 36. Re3 Kf6 37. Kf3 Kg5 38. Re5+ Kh4 39. Kg2 f5 40. Re3 g5 41. Rf3 f4 42. Rd3 h5 43. Rf3 Ra2 44. Rc3 g4 45. hxg4 hxg4 46. Rc8 g3 47. Rh8+ Kg4 48. Rg8+ Kf5 49. Rf8+ Ke4 50. Re8+ Kd3 51. Rd8+ Kc3 0-1


[Site "https://www.chess.com"]

[Event "Titled Tuesday Blitz February 15 Late 2022"]
[White "Grischuk, Alexander"]
[Black "Deac, Bogdan-Daniel"]
[WhiteFideId "4126025"]
[BlackFideId "1226380"]
[WhiteElo "2762"]
[BlackElo "2646"]
[Result "1-0"]
[Round "05"]
[TimeControl "180+1"]
[Date "2022.02.15"]
[WhiteClock "0:00:02"]
[BlackClock "0:00:02"]

1. e4 e5 2. Nf3 Nc6 3. Bc4 Nf6 4. d3 Bc5 5. O-O d6 6. c3 O-O 7. Re1 a5 8. a4 h6 9. h3 Bb6 10. Nbd2 Ne7 11. Nf1 Ng6 12. Ng3 c6 13. Bb3 Re8 14. d4 Bc7 15. Bc2 d5 16. exd5 Qxd5 17. Bxg6 fxg6 18. dxe5 Qxd1 19. Rxd1 Bxe5 20. Nxe5 Rxe5 21. Be3 Be6 22. Bd4 Rd5 23. Bxf6 gxf6 24. Ne4 Kg7 25. Rxd5 Bxd5 26. Nc5 Rb8 27. b4 b6 28. Nd3 f5 29. f3 Kf6 30. Rb1 Re8 31. bxa5 bxa5 32. Nc5 Re3 33. Rc1 Bc4 34. Nb7 Bb3 35. Nxa5 Bxa4 36. Ra1 Bc2 37. c4 Re6 38. Rc1 Bd3 39. Rc3 Be2 40. Kf2 c5 41. Nb3 Re5 42. Nxc5 1-0


[Site "https://www.chess.com"]